 Dungeon Crawl Stone Soup version 0.31-a0-4-gefa6de2278 (console) character file.

Game seed: 12358654621626757465

47 om the Conjurer (level 3, -3/21 HPs)
             Began as an Octopode Conjurer on May 4, 2023.
             Slain by a gnoll
             ... wielding a +0 club
              (8 damage)
             ... on level 2 of the Dungeon.
             The game lasted 00:03:07 (1630 turns).

om the Conjurer (Octopode Conjurer)                 Turns: 1630, Time: 00:03:07

Health: -3/21      AC:  1    Str:  6    XL:     3   Next: 70%
Magic:  6/6        EV: 13    Int: 20    God:
Gold:   86         SH:  0    Dex: 12    Spells: 3/6 levels left

rFire   . . .        g - +0 dagger
rCold   . . .        (no shield)
rNeg    . . .        (helmet restricted)
rPois   .            (no amulet)
rElec   .            (no ring)
rCorr   .            (no ring)
SInv    .            (no ring)
Will    .....        (no ring)
Stlth   +++          (no ring)
HPRegen 0.23/turn    (no ring)
MPRegen 0.10/turn    (no ring)
                     (no ring)

%: no passive effects
@: no status effects
A: almost no armour, amphibious, 8 rings, camouflage 1, gelatinous body 1,
(nimble swimmer 1), tentacles
a: no special abilities


You were on level 2 of the Dungeon.
You visited 1 branch of the dungeon, and saw 2 of its levels.

You collected 108 gold pieces.
You spent 22 gold pieces at shops.

Inventory:

Hand Weapons
 g - a +0 dagger (weapon)
Scrolls
 b - a scroll of noise {unknown}
 d - a scroll of summoning {unknown}
 e - a scroll of teleportation
 i - a scroll of poison {unknown}
 j - a scroll of fear {unknown}
 k - a scroll of torment {unknown}
Potions
 a - a potion of magic
 c - a potion of experience {unknown}
 f - a potion of berserk rage {unknown}
 h - a potion of invisibility {unknown}
 l - a potion of heal wounds {unknown}


   Skills:
 - Level 2.1 Dodging
 - Level 2.9 Stealth
 - Level 2.1 Spellcasting
 - Level 4.3 Conjurations
 + Level 2.3 Ice Magic


You had 3 spell levels left.
You knew the following spells:

 Your Spells              Type           Power      Damage    Failure   Level
a - Magic Dart            Conj           76%        1d6       2%          1
b - Searing Ray           Conj           38%        2d5       4%          2

Your spell library contained the following spells:

 Spells                   Type           Power      Damage    Failure   Level
 Sting                    Tmut/Pois      8%         1d3       16%         1
 Dazzling Flash           Conj/Hex       20%        N/A       19%         3
 Poisonous Vapours        Pois/Air       4%         N/A       24%         2
 Fulminant Prism          Conj/Hex       5%         3d7       54%         4
 Iskenderun's Mystic Bla  Conj/Tloc      10%        2d4       54%         4
 Olgreb's Toxic Radiance  Pois           2%         N/A       83%         4


Dungeon Overview and Level Annotations

Branches:
Dungeon (2/15)

Altars:

Shops:
D:1 *


Innate Abilities, Weirdness & Mutations

You cannot wear most types of armour.
You are amphibious.
You can wear up to eight rings at the same time.
Your skin changes colour to match your surroundings (Stealth+).
Your rubbery body absorbs attacks. (AC +1, EV +1)
((You are camouflaged when in or above water. (Stealth+)))
You have tentacles for arms and can constrict up to eight enemies at once.


Message History

You constrict the hobgoblin. The hobgoblin closely misses you.
You hit the hobgoblin.
The hobgoblin is severely wounded.
You constrict the hobgoblin, but do no damage.
The hobgoblin closely misses you.
You hit the hobgoblin but do no damage.
The hobgoblin is severely wounded.
You constrict the hobgoblin, but do no damage.
The hobgoblin hits you.
You hit the hobgoblin.
You kill the hobgoblin!
You start resting.
HP restored.
You start resting.
Magic restored.
There is an escape hatch in the ceiling here.
A ball python and a frilled lizard come into view.
Found 11 gold pieces.
The helpless frilled lizard fails to defend itself.
You puncture the frilled lizard!
You kill the frilled lizard!
The helpless ball python fails to defend itself.
You puncture the ball python!
You kill the ball python!
You now have 86 gold pieces (gained 11).
A bat and a gnoll come into view.
Found 14 gold pieces.
A gnoll comes into view.
It is wielding a +0 flail of protection.
The gnoll shouts! x2
A gnoll comes into view. It is wielding a +0 spear.
The gnoll shouts!
The bat hits you. The gnoll closely misses you.
The gnoll hits you with a +0 spear. The gnoll attacks as you move away!
The gnoll barely misses you. The gnoll attacks as you move away!
The gnoll hits you with a +0 spear.
The gnoll hits you from afar with a +0 spear.
* * * LOW HITPOINT WARNING * * *
The gnoll attacks as you move away! The gnoll misses you.
The gnoll attacks as you move away! The gnoll hits you with a +0 club!
You die...

#.......#....†.##...#
#.......#......†).÷##
..........##.#########
.##.......##<##†...#
...########.....#.#
.#.. ####..#.# #. .
#....# # ...####
#.#### .......##@#
#...gbg.# #.##$####
... #.#.# .. #. ## #.
. .


You could see 2 gnolls and a bat.

Vanquished Creatures
  Robin (D:2)
  3 ball pythons
  4 endoplasms
  A giant cockroach (D:1)
  5 goblins
  7 hobgoblins
  5 bats (D:1)
  6 frilled lizards
  A kobold (D:1)
  3 rats
36 creatures vanquished.

Notes
Turn   | Place    | Note
-------+----------+-------------------------------------------
     0 | D:1      | om the Octopode Conjurer began the quest for the Orb.
     0 | D:1      | Reached XP level 1. HP: 11/11 MP: 3/3
   299 | D:1      | Reached XP level 2. HP: 17/17 MP: 1/5
   302 | D:1      | Learned a level 2 spell: Searing Ray
   934 | D:1      | Found Etseuc's General Store.
   940 | D:1      | Bought a scroll of identify for 22 gold pieces
   966 | D:1      | Reached skill level 1 in Ice Magic
  1244 | D:2      | Identified the +0 pair of gloves of Autumn {Will+ Dex+6}
  1331 | D:2      | Reached XP level 3. HP: 21/21 MP: 4/6
  1452 | D:2      | Noticed Robin
  1463 | D:2      | Killed Robin
  1630 | D:2      | Slain by a gnoll

Illustrated notes

Levels and vault maps discovered:
D:1:      nicolae_arrival_washed_ashore, layout_loops_corners, serial_shops,
          shop, serial_glass, glass_columns_b, glass_columns_a, glass_columns_c,
          glass_columns_b, serial_park_tiny_2, dreamdust_wishing_well
D:2:      layout_basic, minmay_increasing_density, uniq_robin

Skill      XL: |  1  2  3 |
---------------+----------+-----
Ice Magic      | 1 2 |  2.3
Dodging        | |  2.1
Stealth        | |  2.9
Spellcasting   | |  2.1
Conjurations   | |  4.3

Action                     || total
---------------------------++-------
  Melee: Unarmed           ||     3
         Dagger            ||    11
         Constrict         ||     2
         Tentacles         ||     2
   Cast: Magic Dart        ||    53
    Use: Scroll            ||     1
   Stab: Sleeping          ||     3
 Armour: Skin              ||     4
  Dodge: Dodged            ||    16

Table legend: (Time is in decaauts)
 A = Elapsed time spent in this place.
 B = Non-inter-level travel time spent in this place.
 C = Inter-level travel time spent in this place.
 D = Time resting spent in this place.
 E = Time spent auto-exploring this place.
 F = Levels seen in this place.
 G = Mean time per level.
                   A        B        C        D        E       F      G
               +--------+--------+--------+--------+--------+-----+--------+
         Total |   1631 |   1532 |     99 |    239 |   1054 |   2 |  815.5 |
       Dungeon |   1631 |   1532 |     99 |    239 |   1054 |   2 |  815.5 |
               +--------+--------+--------+--------+--------+-----+--------+

Top non-repeatable levels by time:
     D:1: 1302 daAuts
     D:2: 328 daAuts
